 Dungeon Crawl Stone Soup version 0.31.0-32-g396128a36d (webtiles) character file.

Game seed: 12827586727126376857

126 Dadi the Cudgeller (level 4, 0/35 HPs)
             Began as a Demonspawn Berserker on Mar 27, 2024.
             Was a Believer of Trog.
             Slain by an adder (3 damage)
             ... on level 3 of the Dungeon.
             The game lasted 00:04:05 (2261 turns).

Dadi the Cudgeller (Demonspawn Berserker)           Turns: 2261, Time: 00:04:05

Health: 0/35       AC:  6    Str: 20    XL:     4   Next: 83%
Magic:  4/4        EV: 10    Int:  7    God:    Trog [**....]
Gold:   59         SH:  3    Dex: 12    Spells: 3/3 levels left

rFire   . . .        p - +1 whip (freeze)
rCold   . . .        o - +0 buckler
rNeg    . . .        m - +0 ring mail
rPois   .            n - +0 helmet
rElec   .            (no cloak)
rCorr   +            (no gloves)
SInv    .            (no boots)
Will    .....        (no amulet)
Stlth   +            e - ring of resist corrosion
HPRegen 0.25/turn    (no ring)
MPRegen 0.18/turn

%: no passive effects
@: no status effects
A: magic regeneration
a: Renounce Religion, Berserk, Trog's Hand


You were on level 3 of the Dungeon.
You worshipped Trog.
Trog was pleased with you.
You visited 1 branch of the dungeon, and saw 3 of its levels.

You collected 59 gold pieces.

Inventory:

Hand Weapons
 a - a +0 mace
 p - a +1 whip of freezing (weapon)
Armour
 b - a +0 animal skin
 m - a +0 ring mail (worn)
 n - a +0 helmet (worn)
 o - a +0 buckler (worn)
 t - a +1 barding
Jewellery
 e - a ring of resist corrosion (left hand)
Wands
 r - a wand of roots (2)
Scrolls
 d - 2 scrolls of identify {unknown}
 f - 2 scrolls of teleportation {unknown}
 i - a scroll of poison {unknown}
 j - 3 scrolls of enchant armour {unknown}
 k - a scroll of immolation {unknown}
 s - a scroll of amnesia {unknown}
Potions
 c - a potion of cancellation {unknown}
 g - a potion of brilliance {unknown}
 h - 3 potions of lignification {unknown}
 l - a potion of magic {unknown}
 q - 3 potions of curing {unknown}
 u - a potion of invisibility {unknown}


   Skills:
 - Level 3.0 Fighting
 + Level 5.1 Maces & Flails
 - Level 1.7 Armour
 - Level 1.7 Dodging


You had 3 spell levels left.
You didn't know any spells.
Your spell library was empty.

Dungeon Overview and Level Annotations

Branches:
Dungeon (3/15)

Altars:


Innate Abilities, Weirdness & Mutations

You regenerate magic rapidly.


Message History

There are monsters nearby!
You barely miss the adder. The adder bites you but does no damage.
The gnoll barely misses you.
The gnoll hits you from afar with a +0 halberd!
You hit the adder.
The adder seems to slow down.
You freeze the adder.
The adder is moderately wounded.
You block the adder's attack. You block the gnoll's attack.
The gnoll hits you but does no damage.
The gnoll hits you from afar with a +0 spear.
The adder attacks as it pursues you! The adder bites you but does no damage.
The gnoll attacks as it pursues you! The gnoll closely misses you.
The gnoll attacks as it pursues you!
The gnoll hits you from afar with a +0 halberd!
* * * LOW HITPOINT WARNING * * *
There is an open door here.
The gnoll attacks as it pursues you!
The gnoll hits you from afar with a +0 spear.
* * * LOW HITPOINT WARNING * * *
The adder is no longer moving slowly.
The gnoll attacks as it pursues you! You block the gnoll's attack.
The adder attacks as it pursues you! The adder misses you.
The adder attacks as it pursues you! You block the adder's attack. x2
The gnoll attacks as it pursues you! The gnoll closely misses you.
The adder attacks as it pursues you! The adder bites you but does no damage.
The adder attacks as it pursues you! The adder bites you.
* * * LOW HITPOINT WARNING * * *
The adder misses you. The gnoll attacks as it pursues you!
The gnoll hits you from afar with a +0 spear.
* * * LOW HITPOINT WARNING * * *
You see here a beast talisman.
The adder bites you but does no damage. The adder attacks as it pursues you!
The adder bites you but does no damage. The adder attacks as it pursues you!
The adder barely misses you. The adder attacks as it pursues you!
The adder barely misses you. The adder bites you but does no damage.
The adder attacks as it pursues you! The adder barely misses you. x2
The adder attacks as it pursues you! The adder closely misses you.
The adder attacks as it pursues you! The adder bites you.
You die...

#.# #.# #%# #g#
######.## ####....g..#
.....####..# ####
########.gg############
#... #.....g..S@.....#
#.## ##...##########.#
#.# ##.## #.# #.# #####
#.# #.# #.# ....# #.#
#.# #.# ###.# ##'## #.#
#.# ###.# ##...## #.#
#####.## .##.###.....##
####.# #.......
.##.##.......## ##>...#
#.###.#.


You could see 3 gnolls and an adder.

Vanquished Creatures
  An iguana (D:3)
  Robin (D:2)
  2 adders (D:2)
  2 dart slugs (D:2)
  A ribbon worm (D:2)
  2 orcs (D:3)
  6 ball pythons
  2 endoplasms (D:1)
  13 goblins
  8 hobgoblins
  2 jackals (D:1)
  2 quokkas
  6 bats
  3 frilled lizards
  7 kobolds
  2 rats (D:2)
60 creatures vanquished.

Notes
Turn   | Place    | Note
-------+----------+-------------------------------------------
     0 | D:1      | Dadi the Demonspawn Berserker began the quest for the Orb.
     0 | D:1      | Reached XP level 1. HP: 18/18 MP: 1/1
   195 | D:1      | Reached skill level 3 in Maces & Flails
   332 | D:1      | Gained mutation: You regenerate magic rapidly. [demonic
                  | ancestry]
   332 | D:1      | Reached XP level 2. HP: 24/24 MP: 2/2
   517 | D:1      | Found a faded altar of an unknown god.
   736 | D:2      | Noticed Robin
   749 | D:2      | Killed Robin
   750 | D:2      | Reached XP level 3. HP: 12/29 MP: 3/3
   752 | D:2      | Reached skill level 4 in Maces & Flails
   760 | D:2      | Reached ** piety under Trog
  1232 | D:2      | Reached XP level 4. HP: 35/35 MP: 4/4
  1982 | D:3      | Reached skill level 5 in Maces & Flails
  2248 | D:3      | HP: 1/35 [adder (3)]
  2261 | D:3      | Slain by an adder

Illustrated notes

Levels and vault maps discovered:
D:1:      scummos_arrival_checkerplants, layout_basic,
          ebering_ecumenical_altar_sacrificial, minmay_fountain_box
D:2:      layout_basic, grunt_decor_junction, uniq_robin
D:3:      lemuel_castle_with_subvaults [lemuel_castle_interior_carwin_3],
          layout_loops_corners, uniq_terence

Skill      XL: |  1  2  3  4 |
---------------+-------------+-----
Maces & Flails | 3 4 5 |  5.1
Fighting       | |  3.0
Armour         | |  1.7
Dodging        | |  1.7

Action                     |  1- 3 |  4- 6 || total
---------------------------+-------+-------++-------
  Melee: Mace              |   102 |       ||   102
         Whip              |     2 |    55 ||    57
   Stab: Sleeping          |     2 |       ||     2
 Armour: Animal skin       |    43 |       ||    43
         Ring mail         |    15 |    32 ||    47
  Dodge: Dodged            |    65 |    37 ||   102
  Block: Buckler           |     3 |    10 ||    13
